 Dungeon Crawl Stone Soup version 0.19-a0-1682-g5114f93 (webtiles) character file.

1586 MistressOfTheDunes the Insei (level 8, -6/58 HPs)
             Began as a Mummy Monk on Sept 24, 2016.
             Engulfed by a steam dragon's steam (7 damage)
             ... on level 5 of the Dungeon.
             The game lasted 00:17:20 (9854 turns).

MistressOfTheDunes the Insei (Mummy Monk)           Turns: 9854, Time: 00:17:20

Health: -6/58      AC:  4    Str: 14    XL:     8   Next: 61%
Magic:  8/8        EV: 17    Int:  9    God:
Gold:   215        SH:  0    Dex: 17    Spells: 0 memorised, 7 levels left

rFire  . . .     SeeInvis .       - Unarmed
rCold  . . .     Gourm    .     (no armour)
rNeg   + + +     Faith    .     (no shield)
rPois  ∞         Spirit   .     (no helmet)
rElec  .         Dismiss  .     (no cloak)
rCorr  .         Reflect  .     c - +2 pair of gloves
MR     +....     Harm     .     (no boots)
Stlth  +++.......               (no amulet)
                                a - ring of stealth
                                o - ring of fire

@: no status effects
A: no food or potions, fire vulnerability, cold resistance 1, negative energy
resistance 3, torment resistance, unbreathing
a: no special abilities


You were on level 5 of the Dungeon.
You were not hungry.

You visited 1 branch of the dungeon, and saw 5 of its levels.

You collected 215 gold pieces.


Innate Abilities, Weirdness & Mutations

You do not eat or drink.
Your flesh is vulnerable to fire.
You are immune to poison.
Your flesh is cold resistant. (rC+)
You are immune to negative energy. (rN+++)
You are immune to unholy pain and torment.
You can survive without breathing.


   Skills:
 - Level 3.0 Fighting
 - Level 6.7 Dodging
 - Level 1.5 Stealth
 + Level 7.1 Unarmed Combat


You had 7 spell levels left.
You didn't know any spells.

Inventory:

Armour
 c - a +2 pair of gloves (worn)
Jewellery
 a - a ring of stealth (right hand)
 o - a ring of fire (left hand)
Scrolls
 b - 2 scrolls of blinking
 d - a scroll of magic mapping
 e - 2 scrolls of teleportation {@r4}
 g - 2 scrolls of remove curse
 i - a scroll of noise {!r}
 j - 2 scrolls of enchant weapon
 k - 3 scrolls of recharging
 l - a scroll of fog
 m - a scroll of amnesia
 n - a scroll of fear
 p - a scroll of enchant armour {unknown}
Comestibles
 h - 2 fruits (quivered)

Dungeon Overview and Level Annotations

Branches:
Dungeon (5/15)             Temple (0/1) D:5

Altars:
Ashenzari
Cheibriados
Fedhas
Makhleb
Trog

Annotations:
D:3 War
D:4 Dowan, Duvessa

▒▒.▒▒▒▒.▒%.▒▒▒▒▒▒▒▒.▒
▒▒..▒ ▒.▒...........▒
....▒
▒.▒D..▒▒▒▒▒▒▒▒▒▒▒▒▒
....▒ ▒.▒...▒ ▒......▒
....▒▒▒.▒...▒ ▒.▒▒▒▒.▒
...).▒▒.▒...▒ ▒.▒ ▒.▒
.....▒▒.▒...▒ ▒.▒ ▒.▒
........▒...▒▒▒▒▒▒.▒ ▒.▒
▒▒▒.....▒...[[[DM▒.▒ ▒.▒
▒ ▒.....▒..▒▒▒▒▒▒▒.▒ ▒.▒
▒ ▒.....▒..........▒ ▒.▒
▒
▒.....▒▒.▒▒▒▒▒▒▒▒▒▒▒▒.▒▒
▒
▒...........!..........▒
▒
▒.............▒▒▒▒▒▒▒▒▒▒
▒ ▒▒............▒
▒▒▒▒............▒
................▒


You could see a steam dragon.


Message History

You are too injured to fight recklessly!!!
You closely miss the steam dragon!
The steam dragon is heavily wounded!
You are engulfed in a cloud of scalding steam! * * * don't die
* * * The steam dragon breathes steam at you!
The ball of steam misses you!
You closely miss the steam dragon!
The steam dragon is heavily wounded!
The steam dragon closely misses you!
The steam dragon claws you but does no damage!
You pummel the steam dragon like a punching bag!!!
The steam dragon is severely wounded!
The steam dragon bites you!!! * * * don't die
* * * The steam dragon misses you!
You pulverise the steam dragon!
The steam dragon is almost dead!
The steam dragon breathes steam at you!
The ball of steam hits you!!! * * * don't die
* * * You pummel the steam dragon but do no damage!
The steam dragon is almost dead!
You are engulfed in a cloud of scalding steam! * * * don't die
* * * The steam dragon closely misses you! x2
You barely miss the steam dragon!
The steam dragon is almost dead!
You are engulfed in a cloud of scalding steam! rip

Action                   |  1- 3 |  4- 6 |  7- 9 || total
-------------------------+-------+-------+-------++-------
Melee: Unarmed           |   148 |   237 |   382 ||   767
       Punch             |     2 |     4 |    10 ||    16
  Use: Scroll            |       |       |    10 ||    10
 Stab: Sleeping          |     7 |    12 |     8 ||    27
Armor: Skin              |    37 |    45 |    47 ||   129
Dodge: Dodged            |   110 |   127 |   223 ||   460

Vault maps used:
D:1:      saegor_arrival_simple_b
D:2:      kennysheep_six_static_rooms
D:3:      old_standard_altar, bloody_makhleb, trog_eyes_of_draining, first_bread
D:4:      fedhas_bush_and_centaur_altar, ashenzari_conservatory_becter,
          minmay_divided_ellipse, uniq_duvessa
D:5:      uniq_edmund

Notes
Turn   | Place    | Note
-------+----------+-------------------------------------------
     0 | D:1      | MistressOfTheDunes the Mummy Monk began the quest for the Orb.
     0 | D:1      | Reached XP level 1. HP: 18/18 MP: 1/1
   413 | D:1      | Reached XP level 2. HP: 23/24 MP: 2/2
   544 | D:1      | Reached skill level 3 in Unarmed Combat
  1005 | D:2      | Reached XP level 3. HP: 23/29 MP: 3/3
  1359 | D:2      | Reached skill level 4 in Unarmed Combat
  1359 | D:2      | Reached XP level 4. HP: 15/35 MP: 4/4
  2149 | D:3      | Found a snail-covered altar of Cheibriados.
  2241 | D:3      | Found a bloodstained altar of Trog.
  2241 | D:3      | Noticed an eye of draining
  2750 | D:3      | Killed an eye of draining
  2750 | D:3      | Reached skill level 5 in Unarmed Combat
  2750 | D:3      | Reached XP level 5. HP: 41/41 MP: 0/5
  2889 | D:3      | Found a burning altar of Makhleb.
  3161 | D:4      | Reached skill level 3 in Dodging
  3253 | D:4      | Found a shattered altar of Ashenzari.
  3275 | D:4      | Reached XP level 6. HP: 36/47 MP: 6/6
  3501 | D:4      | Noticed a water moccasin
  3896 | D:4      | Reached skill level 4 in Dodging
  4185 | D:4      | Reached XP level 7. HP: 40/52 MP: 7/7
  4279 | D:4      | Found a blossoming altar of Fedhas.
  4330 | D:4      | Noticed Duvessa
  4331 | D:4      | Noticed Dowan
  5220 | D:5      | Entered Level 5 of the Dungeon
  5238 | D:5      | Reached skill level 6 in Unarmed Combat
  5697 | D:5      | Noticed a steam dragon
  6017 | D:5      | Reached skill level 5 in Dodging
  6621 | D:5      | Reached XP level 8. HP: 55/58 MP: 8/8
  6633 | D:5      | Found a staircase to the Ecumenical Temple.
  6711 | D:5      | Reached skill level 6 in Dodging
  7018 | D:5      | Noticed Edmund
  8299 | D:3      | Killed Edmund
  8634 | D:4      | Reached skill level 7 in Unarmed Combat
  9853 | D:5      | HP: 1/58 [steam dragon] (6)]
  9854 | D:5      | Engulfed by a steam dragon's steam

Vanquished Creatures
  Edmund (D:3)
  A water moccasin (D:4)
  A sky beast (D:5)
  A phantom (D:4)
  An ogre (D:5)
  An eye of draining (D:3)
  2 centaurs
  A water moccasin zombie (D:5)
  2 scorpions
  A killer bee (D:4)
  2 hounds (D:4)
  2 bullfrog skeletons
  An orc wizard (D:5)
  A jelly (D:5)
  3 orc priests
  An iguana (D:4)
  3 worker ants
  A hound zombie (D:4)
  4 gnolls
  A howler monkey skeleton (D:4)
  12 adders
  3 oozes
  An adder zombie (D:5)
  An adder skeleton (D:5)
  A worm (D:2)
  3 dart slugs
  3 leopard geckos
  9 orcs
  10 bats
  7 giant cockroaches
  7 hobgoblins
  19 jackals
  5 kobolds
  4 quokkas
  A ball python (D:1)
  10 frilled lizards
  5 goblins
  A jackal skeleton (D:4)
  8 rats
141 creatures vanquished.
